[ AOE2 MATCH · #513638229 ]
UnrankedCumans vs Turks
Player's team · LOSS
Rival team · WIN
[ REPLAY ANALYSIS · EXTRACTED FROM THE RECORDED GAME ]
Feudal
8:54
Castle
24:19
Imperial
—
| APM avg | 74.5 |
| APM peak | 99 |
| eAPM avg | 33.0 |
| Villagers / military | 74 / 12 |
Focus
⚔️ 37.7% · 🌾 62.3%
Spearman ×9 · Archer ×3
Feudal
8:53
Castle
23:37
Imperial
—
| APM avg | 59.6 |
| APM peak | 73 |
| eAPM avg | 22.9 |
| Villagers / military | 43 / 12 |
Focus
⚔️ 25.3% · 🌾 74.7%
Scout Cavalry ×12
Match map
Initial resources + every placement click. Lines = walls · curves = elevation contours. ◆ gold · ⬟ stone · ● berries · ✦ relic · ◌ wall gap
Your base· Open — unwalled flank
JackK's base· Open — unwalled flank
Smoothed initial terrain · ◌ = detected wall gap · hover for details
Inputs per minute
— wisenatic - - JackK
Build order — wisenatic
First 150 of 180 actions detected
| 0:00 | Queue | Villager (Male) |
| 0:00 | Queue | Villager (Male) |
| 0:01 | Queue | Villager (Male) |
| 0:01 | Queue | Villager (Male) |
| 0:02 | Build | House |
| 0:03 | Build | House |
| 1:24 | Queue | Villager (Male) |
| 2:02 | Queue | Villager (Male) |
| 2:02 | Queue | Villager (Male) |
| 2:32 | Queue | Villager (Male) |
| 2:46 | Queue | Villager (Male) |
| 2:46 | Queue | Villager (Male) |
| 3:15 | Build | Lumber Camp |
| 3:21 | Queue | Villager (Male) |
| 3:21 | Queue | Villager (Male) |
| 3:21 | Queue | Villager (Male) |
| 4:06 | Build | House |
| 4:29 | Queue | Villager (Male) |
| 4:30 | Queue | Villager (Male) |
| 4:37 | Queue | Villager (Male) |
| 4:37 | Queue | Villager (Male) |
| 4:55 | Queue | Villager (Male) |
| 5:39 | Build | Mill |
| 5:53 | Queue | Villager (Male) |
| 6:44 | Research | Feudal Age |
| 6:44 | Research | Feudal Age |
| 7:26 | Research | Loom |
| 7:57 | Build | House |
| 8:05 | Build | Palisade Wall |
| 8:54 | Age | Feudal Age |
| 8:55 | Build | Town Center |
| 9:02 | Queue | Villager (Male) |
| 9:21 | Queue | Villager (Male) |
| 9:32 | Research | Double-Bit Axe |
| 9:32 | Research | Double-Bit Axe |
| 9:32 | Research | Double-Bit Axe |
| 9:46 | Build | House |
| 9:47 | Queue | Villager (Male) |
| 10:12 | Queue | Villager (Male) |
| 10:16 | Build | Palisade Wall |
| 10:17 | Build | Palisade Wall |
| 10:22 | Queue | Villager (Male) |
| 10:27 | Research | Horse Collar |
| 10:28 | Research | Horse Collar |
| 10:33 | Queue | Villager (Male) |
| 10:33 | Queue | Villager (Male) |
| 10:50 | Queue | Villager (Male) |
| 10:51 | Build | Farm |
| 11:03 | Build | Farm |
| 11:06 | Queue | Villager (Male) |
| 11:13 | Build | Palisade Wall |
| 11:16 | Queue | Villager (Male) |
| 11:26 | Queue | Villager (Male) |
| 11:26 | Queue | Villager (Male) |
| 11:27 | Build | Farm |
| 11:28 | Build | Farm |
| 11:38 | Build | Palisade Gate |
| 11:39 | Build | Palisade Wall |
| 11:48 | Queue | Villager (Male) |
| 11:56 | Queue | Villager (Male) |
| 12:03 | Build | Farm |
| 12:04 | Build | Farm |
| 12:11 | Queue | Villager (Male) |
| 12:14 | Build | Palisade Wall |
| 12:15 | Build | Palisade Wall |
| 12:22 | Queue | Villager (Male) |
| 12:36 | Build | Farm |
| 12:42 | Queue | Villager (Male) |
| 12:51 | Build | House |
| 13:04 | Build | House |
| 13:10 | Research | Town Watch |
| 13:11 | Research | Wheelbarrow |
| 13:17 | Queue | Villager (Male) |
| 13:18 | Build | Farm |
| 13:26 | Queue | Villager (Male) |
| 13:32 | Build | Barracks |
| 13:58 | Queue | Villager (Male) |
| 14:23 | Queue | Villager (Male) |
| 14:32 | Queue | Villager (Male) |
| 14:35 | Queue | Villager (Male) |
| 14:37 | Build | Farm |
| 14:40 | Queue | Spearman |
| 14:40 | Queue | Spearman |
| 14:42 | Build | Mining Camp |
| 14:47 | Build | Palisade Wall |
| 14:48 | Build | Palisade Wall |
| 14:59 | Queue | Villager (Male) |
| 15:00 | Build | Farm |
| 15:02 | Queue | Spearman |
| 15:07 | Queue | Villager (Male) |
| 15:22 | Queue | Spearman |
| 15:23 | Queue | Villager (Male) |
| 15:23 | Queue | Villager (Male) |
| 15:26 | Build | Farm |
| 15:48 | Queue | Villager (Male) |
| 16:03 | Queue | Villager (Male) |
| 16:07 | Build | House |
| 16:09 | Build | Farm |
| 16:16 | Queue | Villager (Male) |
| 16:23 | Build | Farm |
| 16:28 | Queue | Villager (Male) |
| 16:37 | Queue | Villager (Male) |
| 16:47 | Build | House |
| 16:54 | Build | House |
| 16:57 | Build | Outpost |
| 17:09 | Queue | Villager (Male) |
| 17:10 | Queue | Villager (Male) |
| 17:13 | Build | Farm |
| 17:13 | Build | Farm |
| 17:13 | Build | Farm |
| 17:13 | Build | Farm |
| 17:13 | Build | Farm |
| 17:15 | Queue | Spearman |
| 17:25 | Build | House |
| 17:26 | Build | Palisade Wall |
| 17:31 | Queue | Spearman |
| 17:37 | Queue | Villager (Male) |
| 17:43 | Build | Farm |
| 17:45 | Build | House |
| 18:04 | Queue | Spearman |
| 18:08 | Queue | Spearman |
| 18:15 | Build | Archery Range |
| 18:18 | Queue | Villager (Male) |
| 18:32 | Queue | Villager (Male) |
| 18:32 | Queue | Villager (Male) |
| 18:39 | Queue | Villager (Male) |
| 18:47 | Queue | Villager (Male) |
| 18:49 | Build | Lumber Camp |
| 19:00 | Queue | Villager (Male) |
| 19:14 | Build | House |
| 19:40 | Queue | Villager (Male) |
| 19:42 | Queue | Spearman |
| 19:43 | Queue | Archer |
| 19:44 | Queue | Archer |
| 19:58 | Build | Mining Camp |
| 20:11 | Queue | Villager (Male) |
| 20:31 | Queue | Villager (Male) |
| 20:34 | Build | Palisade Wall |
| 20:35 | Build | Palisade Wall |
| 20:35 | Build | Palisade Wall |
| 20:36 | Build | Palisade Wall |
| 20:39 | Build | Palisade Wall |
| 20:52 | Build | House |
| 20:53 | Build | Palisade Wall |
| 21:06 | Queue | Villager (Male) |
| 21:06 | Queue | Villager (Male) |
| 21:09 | Build | Blacksmith |
| 21:14 | Build | Watch Tower |
| 21:28 | Build | Farm |
| 21:34 | Queue | Archer |
Build order — JackK
128 actions detected in the replay
| 0:03 | Queue | Villager (Male) |
| 0:03 | Queue | Villager (Male) |
| 0:03 | Queue | Villager (Male) |
| 0:04 | Build | House |
| 0:05 | Build | House |
| 0:09 | Queue | Villager (Male) |
| 1:36 | Queue | Villager (Male) |
| 1:46 | Build | Lumber Camp |
| 2:00 | Queue | Villager (Male) |
| 2:28 | Queue | Villager (Male) |
| 2:55 | Queue | Villager (Male) |
| 3:13 | Queue | Villager (Male) |
| 3:43 | Queue | Villager (Male) |
| 4:03 | Build | House |
| 4:07 | Queue | Villager (Male) |
| 4:20 | Build | House |
| 4:29 | Queue | Villager (Male) |
| 4:54 | Build | Mill |
| 4:56 | Queue | Villager (Male) |
| 5:24 | Queue | Villager (Male) |
| 5:52 | Queue | Villager (Male) |
| 6:17 | Research | Loom |
| 6:36 | Research | Feudal Age |
| 7:51 | Build | Barracks |
| 8:53 | Age | Feudal Age |
| 8:54 | Build | Stable |
| 8:55 | Research | Double-Bit Axe |
| 8:56 | Queue | Villager (Male) |
| 9:12 | Queue | Villager (Male) |
| 9:28 | Build | House |
| 9:36 | Build | Farm |
| 9:39 | Queue | Scout Cavalry |
| 9:40 | Queue | Scout Cavalry |
| 9:40 | Queue | Scout Cavalry |
| 9:44 | Queue | Villager (Male) |
| 9:47 | Build | Farm |
| 10:10 | Queue | Villager (Male) |
| 10:12 | Queue | Villager (Male) |
| 10:26 | Queue | Villager (Male) |
| 10:28 | Build | Farm |
| 10:30 | Build | Farm |
| 10:55 | Queue | Villager (Male) |
| 11:04 | Build | Watch Tower |
| 11:10 | Queue | Villager (Male) |
| 11:15 | Build | House |
| 11:24 | Queue | Villager (Male) |
| 11:30 | Build | Mining Camp |
| 11:36 | Build | Farm |
| 11:42 | Build | House |
| 12:09 | Queue | Villager (Male) |
| 12:11 | Queue | Villager (Male) |
| 12:22 | Build | House |
| 12:23 | Build | Palisade Wall |
| 12:24 | Build | Palisade Wall |
| 12:24 | Build | Palisade Wall |
| 12:30 | Build | House |
| 12:31 | Build | Palisade Wall |
| 12:36 | Queue | Villager (Male) |
| 12:39 | Build | Farm |
| 12:40 | Build | Farm |
| 12:53 | Build | Palisade Wall |
| 12:53 | Build | Palisade Wall |
| 13:05 | Queue | Villager (Male) |
| 13:17 | Build | Mining Camp |
| 13:37 | Build | Watch Tower |
| 13:41 | Queue | Villager (Male) |
| 13:42 | Queue | Scout Cavalry |
| 13:42 | Queue | Scout Cavalry |
| 13:50 | Build | Farm |
| 14:31 | Queue | Villager (Male) |
| 14:38 | Build | Farm |
| 14:39 | Build | Farm |
| 14:45 | Build | Watch Tower |
| 14:47 | Queue | Scout Cavalry |
| 14:49 | Build | House |
| 14:50 | Queue | Scout Cavalry |
| 14:58 | Build | Farm |
| 15:08 | Queue | Villager (Male) |
| 15:15 | Build | Farm |
| 15:46 | Research | Wheelbarrow |
| 15:47 | Build | Blacksmith |
| 16:01 | Build | Watch Tower |
| 16:04 | Queue | Villager (Male) |
| 16:05 | Queue | Scout Cavalry |
| 16:05 | Queue | Scout Cavalry |
| 16:34 | Research | Fletching |
| 16:45 | Queue | Villager (Male) |
| 16:48 | Build | Farm |
| 16:54 | Build | Watch Tower |
| 16:56 | Build | Palisade Wall |
| 16:58 | Build | Palisade Wall |
| 16:59 | Build | Palisade Wall |
| 17:00 | Build | Palisade Wall |
| 17:01 | Build | Palisade Wall |
| 17:02 | Build | Palisade Wall |
| 17:14 | Queue | Villager (Male) |
| 17:16 | Build | Farm |
| 17:42 | Build | Farm |
| 17:53 | Research | Forging |
| 17:53 | Queue | Villager (Male) |
| 17:54 | Build | Farm |
| 18:20 | Queue | Villager (Male) |
| 18:28 | Build | Watch Tower |
| 18:35 | Queue | Scout Cavalry ×3 |
| 18:50 | Build | Palisade Wall |
| 18:53 | Build | Palisade Wall |
| 19:10 | Queue | Villager (Male) |
| 19:36 | Queue | Villager (Male) |
| 19:38 | Build | Lumber Camp |
| 20:11 | Queue | Villager (Male) |
| 20:39 | Build | Watch Tower |
| 20:57 | Research | Castle Age |
| 21:07 | Build | Watch Tower |
| 21:13 | Build | House |
| 21:15 | Build | House |
| 21:35 | Build | Farm |
| 21:37 | Build | Farm |
| 21:39 | Research | Horse Collar |
| 21:58 | Research | Bloodlines |
| 22:40 | Research | Scale Barding Armor |
| 22:51 | Queue | Villager (Male) |
| 23:37 | Age | Castle Age |
| 23:40 | Research | Chain Barding Armor |
| 23:41 | Research | Bow Saw |
| 23:57 | Queue | Villager (Male) |
| 23:59 | Build | Town Center |
| 24:09 | Queue | Villager (Male) |
| 24:22 | Queue | Villager (Male) |
Match timeline
| 7:51 | JackK · first_building Barracks |
| 8:05 | wisenatic · wall_segment Palisade Wall x4 |
| 8:53 | JackK · age_up feudal |
| 8:54 | JackK · first_building Stable |
| 8:54 | wisenatic · age_up feudal |
| 10:16 | wisenatic · wall_segment Palisade Wall x3 |
| 10:17 | wisenatic · wall_segment Palisade Wall x2 |
| 11:13 | wisenatic · wall_segment Palisade Wall x2 |
| 11:39 | wisenatic · wall_segment Palisade Wall x4 |
| 12:14 | wisenatic · wall_segment Palisade Wall x1 |
| 12:15 | wisenatic · wall_segment Palisade Wall x1 |
| 12:23 | JackK · wall_segment Palisade Wall x1 |
| 12:24 | JackK · wall_segment Palisade Wall x1 |
| 12:24 | JackK · wall_segment Palisade Wall x1 |
| 12:31 | JackK · wall_segment Palisade Wall x5 |
| 12:53 | JackK · wall_segment Palisade Wall x1 |
| 12:53 | JackK · wall_segment Palisade Wall x1 |
| 13:32 | wisenatic · first_building Barracks |
| 14:47 | wisenatic · wall_segment Palisade Wall x1 |
| 14:48 | wisenatic · wall_segment Palisade Wall x1 |
| 16:56 | JackK · wall_segment Palisade Wall x1 |
| 16:58 | JackK · wall_segment Palisade Wall x1 |
| 16:59 | JackK · wall_segment Palisade Wall x1 |
| 17:00 | JackK · wall_segment Palisade Wall x1 |
| 17:01 | JackK · wall_segment Palisade Wall x1 |
| 17:02 | JackK · wall_segment Palisade Wall x1 |
| 17:26 | wisenatic · wall_segment Palisade Wall x1 |
| 18:15 | wisenatic · first_building Archery Range |
| 18:50 | JackK · wall_segment Palisade Wall x1 |
| 18:53 | JackK · wall_segment Palisade Wall x1 |
| 20:34 | wisenatic · wall_segment Palisade Wall x1 |
| 20:35 | wisenatic · wall_segment Palisade Wall x1 |
| 20:35 | wisenatic · wall_segment Palisade Wall x2 |
| 20:36 | wisenatic · wall_segment Palisade Wall x1 |
| 20:39 | wisenatic · wall_segment Palisade Wall x1 |
| 20:53 | wisenatic · wall_segment Palisade Wall x1 |
| 23:32 | wisenatic · wall_segment Palisade Wall x1 |
| 23:37 | JackK · age_up castle |
| 23:41 | wisenatic · wall_segment Palisade Wall x1 |
| 24:04 | wisenatic · wall_segment Palisade Wall x1 |
| 24:05 | wisenatic · wall_segment Palisade Wall x1 |
| 24:19 | wisenatic · age_up castle |
| 24:25 | wisenatic · resign |
[ AI ANALYSIS · 1 CREDIT ]
What really happened in this match?
Wolo.gg analyzes every decision: build order, eco, micro, common mistakes by bracket. Personalized analysis on WhatsApp or Discord in 30 seconds.
Civ guide
Cumans
Perfil
Jugador #616906